[Event "GER-chT Youth Countries 2020"]
[Site "Berlin"]
[Date "2020.10.04"]
[Round "7"]
[White "Huppert, Anna"]
[Black "Mueller, Sophie Charlotte"]
[Result "1/2-1/2"]
[ECO "B06"]
[WhiteElo "1440"]
[BlackElo "1459"]
[Annotator "NA"]
[PlyCount "113"]
[EventDate "2020.09.30"]
[EventType "team-tourn"]
[EventRounds "7"]
[EventCountry "GER"]
[SourceTitle "playchess.com"]
[Source "ChessBase"]
[SourceQuality "1"]
[TimeControl "30/5400+30:0"]

1. e4 g6 2. d4 Bg7 3. Nc3 d6 4. f4 a6 5. Bc4 b5 6. Bb3 e6 7. Nf3 Nd7 8. d5 Nc5 9. dxe6 Bxe6 10. Bxe6 fxe6 11. e5 Nh6 12. O-O d5 13. Be3 Nb7 14. Ne2 c5 15. c3 Rc8 16. b4 Ng4 17. Bd2 Qb6 18. Kh1 cxb4 19. cxb4 Nf2+ 20. Rxf2 Qxf2 21. Ned4 Rc4 22. Bc1 Rxb4 23. a3 Rc4 24. Rb1 Qa2 25. Nxe6 Kf7 26. Neg5+ Ke8 27. Be3 Rc3 28. Ra1 Qc4 29. Bd2 Rd3 30. Rc1 Qa2 31. e6 Nd6 32. Rc6 Ne4 33. Rc8+ Ke7 34. Bb4+ Kf6 35. Nxe4+ dxe4 36. Bc3+ Rxc3 37. Rxc3 Qxe6 38. Qd4+ Ke7 39. Rc7+ Ke8 40. Qxg7 Rg8 41. Rc8+ Qxc8 42. Qxg8+ Kd7 43. Ne5+ Kc7 44. Qxc8+ Kxc8 45. Kg1 Kc7 46. Kf2 Kd6 47. Ke3 Kd5 48. h4 a5 49. g3 a4 50. Nf7 b4 51. Ng5 bxa3 52. Nxe4 Kc4 53. Nd2+ Kc3 54. Nb1+ Kb2 55. Nxa3 Kxa3 56. g4 Kb3 57. f5 1/2-1/2

[Event "GER-chT Youth Countries 2020"]
[Site "Berlin"]
[Date "2020.10.04"]
[Round "7"]
[White "Avetyan, Manan"]
[Black "Alhassan, Jodi"]
[Result "1-0"]
[ECO "B91"]
[WhiteElo "1356"]
[BlackElo "1275"]
[Annotator "NA"]
[PlyCount "67"]
[EventDate "2020.09.30"]
[EventType "team-tourn"]
[EventRounds "7"]
[EventCountry "GER"]
[SourceTitle "playchess.com"]
[Source "ChessBase"]
[SourceQuality "1"]
[TimeControl "30/5400+30:0"]

1. e4 c5 2. Nf3 d6 3. d4 cxd4 4. Nxd4 Nf6 5. Nc3 a6 6. g3 Nc6 7. Nb3 e6 8. Bg2 Be7 9. O-O O-O 10. Be3 Qc7 11. f4 Re8 12. Qe2 h6 13. Rad1 e5 14. h3 b5 15. a3 Bb7 16. Nd5 Nxd5 17. exd5 Na5 18. Nxa5 exf4 19. Bd2 Bh4 20. Qf3 Bxg3 21. Nxb7 Qb6+ 22. Kh1 Qxb7 23. Bxf4 Bxf4 24. Qxf4 Ra7 25. Qxd6 Re2 26. Rde1 Rxe1 27. Rxe1 Qc8 28. Re7 Rxe7 29. Qxe7 g6 30. c3 Kg7 31. Qe5+ Kg8 32. d6 Qb8 33. Qe7 Qc8 34. d7 1-0

[Event "GER-chT Youth Countries 2020"]
[Site "Berlin"]
[Date "2020.10.04"]
[Round "7"]
[White "Middendorf, Sven-Jonas"]
[Black "Goepfert, Christian"]
[Result "1-0"]
[ECO "C87"]
[WhiteElo "1355"]
[BlackElo "1603"]
[Annotator "NA"]
[PlyCount "55"]
[EventDate "2020.09.30"]
[EventType "team-tourn"]
[EventRounds "7"]
[EventCountry "GER"]
[SourceTitle "playchess.com"]
[Source "ChessBase"]
[SourceQuality "1"]
[TimeControl "30/5400+30:0"]

1. e4 e5 2. Nf3 Nc6 3. Bb5 a6 4. Ba4 d6 5. O-O Nf6 6. Re1 Be7 7. c3 O-O 8. h3 b5 9. Bc2 Bb7 10. d4 exd4 11. cxd4 Nb4 12. Bb3 c5 13. a3 Nc6 14. Nc3 Qb6 15. Nd5 Qd8 16. Nxe7+ Qxe7 17. e5 Ne8 18. Bg5 Qc7 19. exd6 Qxd6 20. d5 Nc7 21. dxc6 Qxc6 22. Bc2 Rfe8 23. Qd3 g6 24. Rxe8+ Rxe8 25. Re1 Rxe1+ 26. Nxe1 Ne6 27. Bf6 h6 28. Qe3 1-0

[Event "GER-chT Youth Countries 2020"]
[Site "Berlin"]
[Date "2020.10.04"]
[Round "7"]
[White "Bako, Evelin"]
[Black "Wilmink, Anna"]
[Result "1-0"]
[ECO "B38"]
[WhiteElo "1192"]
[BlackElo "1608"]
[Annotator "NA"]
[PlyCount "137"]
[EventDate "2020.09.30"]
[EventType "team-tourn"]
[EventRounds "7"]
[EventCountry "GER"]
[SourceTitle "playchess.com"]
[Source "ChessBase"]
[SourceQuality "1"]
[TimeControl "30/5400+30:0"]

1. e4 c5 2. Nf3 Nc6 3. d4 cxd4 4. Nxd4 g6 5. c4 Bg7 6. Be3 Nf6 7. Nc3 O-O 8. Be2 d6 9. f3 Nd7 10. Qd2 Nc5 11. O-O-O Bd7 12. Kb1 a6 13. h4 Nxd4 14. Bxd4 Ne6 15. Bxg7 Kxg7 16. e5 Bc6 17. exd6 exd6 18. Qxd6 Qa5 19. h5 gxh5 20. Qg3+ Kh8 21. Qh4 Rae8 22. f4 Ng7 23. Rh2 Re6 24. g4 Be8 25. f5 Re3 26. Nd5 Re4 27. f6 Rg8 28. fxg7+ Rxg7 29. Nf6 Re6 30. Nxe8 Rxe8 31. Rd5 Qb6 32. c5 Qc6 33. Rxh5 Qe4+ 34. Ka1 Qc2 35. Qe1 f6 36. Qd1 Qg6 37. Bd3 Rd8 38. Bxg6 Rxd1+ 39. Bb1 Rdd7 40. a3 Kg8 41. b4 Rxg4 42. Bxh7+ Kf8 43. Bf5 Rg1+ 44. Kb2 Rdg7 45. Rh8+ Rg8 46. Rxg8+ Kxg8 47. Be6+ Kf8 48. Bd5 Rg7 49. Rh8+ Ke7 50. Bxb7 Ke6 51. Bxa6 Kd7 52. Bb5+ Kc7 53. Rf8 Rg2+ 54. Kb3 Rf2 55. Rf7+ Kd8 56. c6 Rf3+ 57. Kc4 Rxa3 58. c7+ Kc8 59. Kc5 Ra7 60. Bd7+ Kxc7 61. Bc8+ Kb8 62. Rxa7 Kxa7 63. Bd7 f5 64. Bxf5 Kb8 65. Be4 Ka7 66. b5 Kb8 67. Bd5 Ka7 68. Bc6 Kb8 69. b6 1-0

[Event "GER-chT Youth Countries 2020"]
[Site "Berlin"]
[Date "2020.10.04"]
[Round "7"]
[White "Reich, Elisabeth"]
[Black "Lorenz, Veronika"]
[Result "1/2-1/2"]
[ECO "C44"]
[WhiteElo "1128"]
[BlackElo "1273"]
[Annotator "NA"]
[PlyCount "74"]
[EventDate "2020.09.30"]
[EventType "team-tourn"]
[EventRounds "7"]
[EventCountry "GER"]
[SourceTitle "playchess.com"]
[Source "ChessBase"]
[SourceQuality "1"]
[TimeControl "30/5400+30:0"]

1. e4 e5 2. Nf3 Nc6 3. d4 exd4 4. c3 d5 5. exd5 Qxd5 6. cxd4 Bf5 7. Nc3 Qd7 8. Bb5 a6 9. Ne5 Qd6 10. Bxc6+ bxc6 11. Qa4 Ne7 12. O-O f6 13. Nf3 Kf7 14. Qb3+ Nd5 15. Bf4 Qd7 16. Nxd5 Qxd5 17. Qxd5+ cxd5 18. Bxc7 Rc8 19. Ba5 Bd6 20. Rac1 Rc4 21. Rxc4 dxc4 22. Nd2 Bd3 23. Rc1 Bf4 24. g3 Bxd2 25. Bxd2 Re8 26. b3 Re2 27. Be3 cxb3 28. axb3 Rb2 29. Rc3 Be4 30. Bc1 Rb1 31. Kf1 Bd5 32. Rc7+ Kg6 33. Ke2 Rxb3 34. Be3 Rb7 35. Rxb7 Bxb7 36. Bd2 Kf5 37. h4 Ke4 1/2-1/2

[Event "GER-chT Youth Countries 2020"]
[Site "Berlin"]
[Date "2020.10.04"]
[Round "7"]
[White "Richter, Johanna"]
[Black "Haug, Mara"]
[Result "0-1"]
[ECO "A56"]
[WhiteElo "1107"]
[BlackElo "1366"]
[Annotator "NA"]
[PlyCount "61"]
[EventDate "2020.09.30"]
[EventType "team-tourn"]
[EventRounds "7"]
[EventCountry "GER"]
[SourceTitle "playchess.com"]
[Source "ChessBase"]
[SourceQuality "1"]
[TimeControl "30/5400+30:0"]

1. d4 Nf6 2. c4 c5 3. Nf3 cxd4 4. Nxd4 e5 5. Nf3 Nc6 6. Nc3 Bc5 7. e3 d6 8. b3 Bb4 9. Bb2 Ne4 10. Qc2 Qa5 11. Rc1 Bf5 12. Bd3 Bxc3+ 13. Bxc3 Nxc3 14. O-O Bxd3 15. Qxd3 e4 16. Qxc3 Qxc3 17. Rxc3 exf3 18. gxf3 O-O 19. f4 Rad8 20. Rd1 Rd7 21. c5 d5 22. Rcd3 Ne7 23. e4 Rfd8 24. Rd4 Kf8 25. b4 Nc6 26. Rxd5 Rxd5 27. exd5 Nxb4 28. d6 Na6 29. Rd5 f6 30. h4 Kf7 31. f5 0-1

[Event "GER-chT Youth Countries 2020"]
[Site "Berlin"]
[Date "2020.10.04"]
[Round "7"]
[White "Zimmer, Tim"]
[Black "Pohle, Saskia"]
[Result "0-1"]
[ECO "C55"]
[WhiteElo "1025"]
[BlackElo "1749"]
[Annotator "NA"]
[PlyCount "88"]
[EventDate "2020.09.30"]
[EventType "team-tourn"]
[EventRounds "7"]
[EventCountry "GER"]
[SourceTitle "playchess.com"]
[Source "ChessBase"]
[SourceQuality "1"]
[TimeControl "30/5400+30:0"]

1. e4 e5 2. Nf3 Nc6 3. Bc4 Nf6 4. d3 Be7 5. O-O O-O 6. Re1 d6 7. a4 Be6 8. Nbd2 Qd7 9. Bxe6 Qxe6 10. Nc4 Rfe8 11. Bd2 Rad8 12. Bc3 Bf8 13. Qd2 a6 14. a5 g6 15. h3 Bg7 16. b3 Rd7 17. Re2 Nh5 18. d4 Qe7 19. d5 Na7 20. Qe3 Nf4 21. Ree1 Nb5 22. Bb2 Qf8 23. Qd2 Bh6 24. Ne3 f5 25. exf5 gxf5 26. c4 Na7 27. Qc2 Rg7 28. Kh1 Kh8 29. Qxf5 Qg8 30. Ng4 Rf8 31. Nxh6 Rxf5 32. Nxg8 Kxg8 33. Rad1 Nxg2 34. Rg1 Rxf3 35. Rxg2 Rxg2 36. Kxg2 Rxb3 37. Rd2 Rb4 38. Rc2 Ra4 39. Kf3 Rxa5 40. Ke4 c6 41. Bxe5 dxe5 42. Kxe5 cxd5 43. cxd5 Nc6+ 44. Kf6 Rxd5 0-1

[Event "GER-chT Youth Countries 2020"]
[Site "Berlin"]
[Date "2020.10.04"]
[Round "7"]
[White "Chassard, Cecilia"]
[Black "Khanbekyan, Nare"]
[Result "0-1"]
[ECO "B35"]
[WhiteElo "980"]
[BlackElo "1334"]
[Annotator "NA"]
[PlyCount "134"]
[EventDate "2020.09.30"]
[EventType "team-tourn"]
[EventRounds "7"]
[EventCountry "GER"]
[SourceTitle "playchess.com"]
[Source "ChessBase"]
[SourceQuality "1"]
[TimeControl "30/5400+30:0"]

1. e4 c5 2. Nf3 Nc6 3. d4 cxd4 4. Nxd4 Nf6 5. Nc3 g6 6. Bc4 Bg7 7. Be3 O-O 8. Qd2 Ng4 9. Nxc6 bxc6 10. Bd4 Ne5 11. Bb3 d6 12. O-O-O c5 13. Bxe5 Bxe5 14. f4 Bd4 15. Ne2 Bg7 16. e5 Bb7 17. exd6 exd6 18. Qxd6 Qxd6 19. Rxd6 Bxg2 20. Rg1 Be4 21. Bd5 Bxd5 22. Rxd5 Rfe8 23. Nc3 Rab8 24. Rxc5 Bd4 25. Rgg5 Be3+ 26. Kd1 Bxc5 27. Rxc5 Rbd8+ 28. Rd5 Rxd5+ 29. Nxd5 Rd8 30. c4 f5 31. Ke2 Kf7 32. b3 h6 33. Ke3 g5 34. h3 Re8+ 35. Kf3 Re1 36. c5 Ke6 37. Nc7+ Kd7 38. Na6 Rf1+ 39. Kg2 Rxf4 40. b4 Rc4 41. a4 Kc8 42. a5 Kb7 43. b5 h5 44. c6+ Kc8 45. c7 Rxc7 46. Nxc7 Kxc7 47. Kg3 Kd6 48. Kf3 Kc5 49. b6 axb6 50. a6 Kc6 51. a7 Kb7 52. a8=Q+ Kxa8 53. Ke3 b5 54. Kd2 g4 55. hxg4 fxg4 56. Kd1 g3 57. Ke1 b4 58. Kd1 g2 59. Ke1 g1=Q+ 60. Ke2 Qg3 61. Kd1 Qf2 62. Kc1 Qe2 63. Kb1 Qd2 64. Ka1 h4 65. Kb1 h3 66. Ka1 h2 67. Kb1 h1=R# 0-1